 Dungeon Crawl Stone Soup version 0.31-a0-574-g69dc8cc98e (webtiles) character file.

Game seed: 9952503288644309122

797 NinjaNoafa the Summoner (level 7, -5/27 HPs)
             Began as a Felid Summoner on Aug 18, 2023.
             Killed from afar by an electric eel (9 damage)
             ... with a bolt of electricity
             ... on level 6 of the Dungeon.
             The game lasted 00:16:53 (6087 turns).

NinjaNoafa the Summoner (Felid Summoner)            Turns: 6087, Time: 00:16:54

Health: -5/27      AC:  2    Str:  4    XL:     7   Next: 58%
Magic:  18/18      EV: 17    Int: 19    God:
Gold:   286        SH:  0    Dex: 16    Spells: 7/20 levels left
                                        Lives:  0   Deaths: 2

rFire   . . .        (weapon unavailable)
rCold   . . .        (shield unavailable)
rNeg    . . .        (body armour unavailable)
rPois   .            (helmet unavailable)
rElec   .            (cloak unavailable)
rCorr   .            (gloves unavailable)
SInv    +            (boots unavailable)
Will    +++..        (no amulet)
Stlth   ++           l - ring of willpower
HPRegen 0.24/turn    w - ring of willpower
MPRegen 0.16/turn

%: no passive effects
@: quick
A: very small, claws 1, fangs 3, see invisible, speed 1, shaggy fur 2, stealthy
paws, no weapons or thrown items, no armour, multi-lived
a: no special abilities


You were on level 6 of the Dungeon.
You visited 2 branches of the dungeon, and saw 7 of its levels.
You also visited: Sewer.

You collected 286 gold pieces.

Inventory:

Jewellery
 l - a ring of willpower (left paw)
 w - a ring of willpower (right paw)
 x - a ring of magical power
Talismans
 v - a maw talisman
Wands
 b - a wand of light (12)
Scrolls
 e - 2 scrolls of brand weapon {unknown}
 j - a scroll of enchant armour {unknown}
 n - 2 scrolls of vulnerability {unknown}
 o - a scroll of torment {unknown}
 p - 3 scrolls of teleportation
 q - a scroll of fog {unknown}
 s - a scroll of summoning {unknown}
 t - a scroll of revelation {unknown}
 u - a scroll of fear {unknown}
 y - a scroll of silence {unknown}
 z - 3 scrolls of identify
Potions
 a - a potion of magic
 c - 2 potions of attraction {unknown}
 d - a potion of cancellation {unknown}
 f - 2 potions of degeneration {unknown}
 g - a potion of enlightenment {unknown}
 h - a potion of berserk rage
 i - 2 potions of ambrosia
 k - 5 potions of haste {unknown}
 m - 6 potions of curing
 r - 3 potions of heal wounds
 A - a potion of lignification {unknown}


   Skills:
 - Level 2.6 Dodging
 - Level 2.6 Stealth
 + Level 7.3 Spellcasting
 - Level 5.0 Hexes
 + Level 8.8 Summonings
 + Level 3.0 Air Magic


You had 7 spell levels left.
You knew the following spells:

 Your Spells              Type           Power      Damage    Failure   Level
a - Summon Small Mammal   Summ           100%       N/A       1%          1
b - Call Imp              Summ           80%        N/A       1%          2
c - Call Canine Familiar  Summ           40%        N/A       1%          3
d - Summon Guardian Gole  Hex/Summ       33%        N/A       1%          3
e - Summon Lightning Spi  Summ/Air       29%        N/A       9%          4

Your spell library contained the following spells:

 Spells                   Type           Power      Damage    Failure   Level
 Foxfire                  Conj/Fire      24%        2x1d5     10%         1
 Lesser Beckoning         Tloc           12%        N/A       14%         2
 Gell's Gravitas          Tloc           6%         N/A       28%         3
 Teleport Other           Tloc           6%         N/A       28%         3
 Plasma Beam              Fire/Air       6%         2x1d16    100%        6
 Starburst                Conj/Fire      3%         6d3       100%        6


Dungeon Overview and Level Annotations

Branches:
Dungeon (6/15) Zot: 26669  Temple (1/1) D:6 Zot: 5991   Sewer (visited)

Altars:
Ashenzari
Elyvilon
Okawaru
Qazlal
Trog
Uskayaw
Yredelemnul
Zin
The Shining One

Shops:
D:4 *

Annotations:
D:5 Menkaure
D:6 1 exclusion


Innate Abilities, Weirdness & Mutations

You have sharp claws.
You have razor-sharp teeth.
You have supernaturally acute eyesight. (SInv)
You cover ground quickly. (Speed+)
You are covered in thick fur. (AC +2)
Your paws help you pounce on unaware monsters.
You are incapable of wielding weapons or throwing items.
You cannot wear armour.
You gain extra lives every three experience levels.


Message History

There is a stone staircase leading up here.
You climb upwards.
Level annotation: Menkaure
There is a stone staircase leading down here.
Health restored: 27 You see here a +0 war axe.
There is an escape hatch in the floor here.
You slide downwards.
The hatch slams shut behind you.
Level annotation: 1 exclusion
Items here: ))) ÷÷.
Items here: ))) ÷÷.
There is a stone staircase leading up here.
You climb upwards.
Level annotation: Menkaure
There is a stone staircase leading down here.
There is an open door here.
There is a stone staircase leading down here.
You climb downwards.
Level annotation: 1 exclusion
There is a stone staircase leading up here.
An electric eel is nearby!
The electric eel shoots out a bolt of lightning at you!
The bolt of electricity hits you!
Ouch! That really hurt!
* * * LOW HITPOINT WARNING * * *
You take 15 damage, and have 12/27 hp.
MASSIVE DAMAGE!!
What are your orders? t - Meow!
Orders for allies: a - Attack new target. r - Retreat! s - Stop attacking. g - Guard the area. f - Follow me.
Anything else - Cancel.
Okay, then.
You start resting.
An electric eel is nearby!
The electric eel shoots out a bolt of lightning at you!
The bolt of electricity hits you!
* * * LOW HITPOINT WARNING * * *
The bolt of electricity hits you!
You die...

≈≈≈≈~~~.###.# ≈≈~~~P♣.....#
≈≈≈≈~~♣.##### S≈≈≈~P~.#
≈≈≈≈~~♣♣.# ≈~≈≈≈≈~≈♣~~~.#
P~~≈≈~≈~~~P~.# ###
~♣~≈≈≈~~~PP#.# ##.##########
~~~~~PS~~♣♣#@# ##...#....[..#
PP~P~~P♣~~S..###.....<#...#.#
~PP~~♣~~~♣~.###..........)..#
#♣♣~~~~~~~~~♣#.####†...).#......
#.~~~S~~~~~~~..........#.##.##.#
#.♣♣♣~~~P~♣♣P##.#####.##.#####.#
#.#PP~~~~♣ #..........##.......#
#.##.♣S~♣~ #.####.PP~.~#########
#.....~~♣ #.# #~PP~~~P.....#


You could see an electric eel.

Vanquished Creatures
  An iguana (D:5)
  A river rat (Sewer)
  4 orcs (D:5)
  2 ball pythons (Sewer)
  A kobold (Sewer)
  A rat (Sewer)
10 creatures vanquished.

Vanquished Creatures (collateral kills)
  An ogre (D:5)
  3 kobold brigands (Sewer)
  A scorpion (D:5)
  A gnoll sergeant (D:6)
  A water moccasin zombie (D:6)
  A bullfrog zombie (D:6)
  A hound (D:6)
  An orc priest (D:4)
  A sleepcap (D:6)
  An orc wizard (D:4)
  A killer bee zombie (D:6)
  A nameless horror (D:4)
  4 gnolls (D:6)
  11 adders
  3 river rats (Sewer)
  A shadow imp (D:6)
  A white imp (D:5)
  An ufetubus (D:5)
  A worm (D:4)
  2 dart slugs
  6 orcs
  11 ball pythons
  9 endoplasms
  2 giant cockroaches (D:2)
  7 hobgoblins
  3 jackals (D:4)
  A quokka (D:1)
  9 bats
  7 frilled lizards
  8 goblins
  11 kobolds
  4 rats
116 creatures vanquished.

Vanquished Creatures (others)
  A shadow (D:5)
  Duvessa (D:5)
  A hornet zombie (D:6)
  An ice beast (D:5)
  3 ogres
  A phantom (D:5)
  3 necrophages (D:6)
  2 wights (D:6)
  Dowan (D:5)
  A jelly (D:5)
  A centaur zombie (D:6)
  A human zombie (D:6)
  Crazy Yiuf (D:4)
  A mummy (D:6)
  2 orcs (D:5)
21 creatures vanquished.

Grand Total: 147 creatures vanquished

Notes
Turn   | Place    | Note
-------+----------+-------------------------------------------
     0 | D:1      | NinjaNoafa the Felid Summoner began the quest for the Orb.
     0 | D:1      | Reached XP level 1. HP: 7/7 MP: 4/4
   149 | D:1      | Reached XP level 2. HP: 11/11 MP: 3/6
   248 | D:1      | Learned a level 2 spell: Call Imp
   377 | D:1      | Reached XP level 3. HP: 14/14 MP: 4/8
   687 | D:2      | Learned a level 3 spell: Call Canine Familiar
   724 | D:2      | Identified the +5 whip "Gyupp" {freeze, rElec rPois Int+3}
   768 | D:2      | Reached XP level 4. HP: 18/18 MP: 3/9
  1018 | D:2      | Reached skill level 5 in Summonings
  2016 | D:4      | Found Ylah's General Store.
  2031 | D:4      | Reached skill level 1 in Hexes
  2031 | D:4      | Reached XP level 5. HP: 21/21 MP: 1/11
  2144 | D:4      | Found a glowing drain.
  2196 | D:4      | Learned a level 3 spell: Summon Guardian Golem
  2238 | Sewer    | Entered a sewer
  2367 | Sewer    | Gained mutation: You are covered in thick fur. (AC +2)
                  | [Felid growth]
  2367 | Sewer    | Reached XP level 6. HP: 16/24 MP: 0/13
  2853 | Sewer    | Reached skill level 6 in Summonings
  3784 | D:4      | Found a runed translucent door.
  3785 | D:4      | Noticed Crazy Yiuf
  3794 | D:4      | Killed Crazy Yiuf
  3871 | D:5      | Entered Level 5 of the Dungeon
  3887 | D:5      | Reached XP level 7. HP: 25/27 MP: 8/15
  3921 | D:5      | Reached skill level 5 in Spellcasting
  3921 | D:5      | Reached skill level 5 in Hexes
  4106 | D:5      | Reached skill level 7 in Summonings
  4189 | D:5      | Noticed a shadow
  4205 | D:5      | Killed a shadow
  4206 | D:5      | Reached XP level 8. HP: 6/31 MP: 7/17
  4244 | D:5      | Noticed Menkaure
  4499 | D:5      | Found a stormy altar of Qazlal.
  4546 | D:5      | Found a broken altar of Ashenzari.
  4751 | D:5      | Noticed Duvessa
  4751 | D:5      | Noticed Dowan
  4763 | D:5      | Killed Duvessa
  4764 | D:5      | Killed Dowan
  4765 | D:5      | Reached skill level 8 in Summonings
  4967 | D:6      | Learned a level 4 spell: Summon Lightning Spire
  4979 | D:6      | Killed from afar by an electric eel
  4980 | D:6      | Reached XP level 7. HP: -1/27 MP: 12/17
  5007 | D:6      | Found a basalt altar of Yredelemnul.
  5105 | D:6      | Reached skill level 1 in Air Magic
  5133 | D:6      | Reached XP level 8. HP: 31/31 MP: 12/19
  5704 | D:6      | HP: 1/31 [electric eel/bolt of electricity (7)]
  5705 | D:6      | Slain by a hound
  5706 | D:6      | Reached XP level 7. HP: -1/27 MP: 13/18
  5744 | D:6      | Found a staircase to the Ecumenical Temple.
  5752 | Temple   | Entered the Ecumenical Temple
  6087 | D:6      | Killed from afar by an electric eel

Illustrated notes

Levels and vault maps discovered:
D:1:      spicycebolla_arrival_xxxplode, layout_rooms, minmay_surrounded
D:2:      layout_rooms
D:3:      layout_basic
D:4:      layout_basic, cheibrodos_sewer_entry_bend, serial_shops, shop,
          uniq_crazy_yiuf_cottage
D:5:      layout_basic, nicolae_qazlal_general_emergency, ashenzari_altar_1,
          hangedman_decor_slide_cut, bh_walls_and_bars, uniq_duvessa,
          uniq_menkaure
D:6:      layout_loops_cross, lemuel_mausoleum_altar_yredelemnul,
          minmay_temple_entry_nine_rooms, serial_bayou, serial_bayou_lagoon_a,
          serial_bayou_pond_c, serial_bayou_lake_a, serial_bayou_crossing,
          kennysheep_generic_room_16
Temple:   hellmonk_temple_two_chambers

Skill      XL: |  1  2  3  4  5  6  7  8 |
---------------+-------------------------+-----
Spellcasting   | 3 4 5 7 |  7.3
Summonings     | 5 6 7 8 |  8.8
Hexes          | 1 3 4 5 |  5.0
Air Magic      | 3 2 |  3.0
Dodging        | |  2.6
Stealth        | |  2.6

Action                     |  1- 3 |  4- 6 |  7- 9 || total
---------------------------+-------+-------+-------++-------
  Melee: Unarmed           |     3 |    22 |     3 ||    28
         Bite              |     1 |     5 |     1 ||     7
   Cast: Summon Small Mamm |    34 |    28 |    18 ||    80
         Call Imp          |    11 |    39 |    14 ||    64
         Call Canine Famil |     1 |    38 |    20 ||    59
         Summon Guardian G |       |     2 |    17 ||    19
         Summon Lightning  |       |       |     2 ||     2
  Evoke: Wand              |       |     1 |     2 ||     3
    Use: Scroll            |       |     5 |       ||     5
 Armour: Skin              |    12 |     5 |     6 ||    23
  Dodge: Dodged            |    55 |    91 |    45 ||   191
   Form: Beast             |       |     1 |       ||     1
                           |       |     1 |       ||     1
         Maw               |       |     1 |       ||     1

Table legend: (Time is in decaauts)
 A = Elapsed time spent in this place.
 B = Non-inter-level travel time spent in this place.
 C = Inter-level travel time spent in this place.
 D = Time resting spent in this place.
 E = Time spent auto-exploring this place.
 F = Levels seen in this place.
 G = Mean time per level.
                   A        B        C        D        E       F      G
               +--------+--------+--------+--------+--------+-----+--------+
         Total |   5516 |   5205 |    311 |    609 |   2652 |   8 |  689.5 |
       Dungeon |   4485 |   4174 |    311 |    352 |   2176 |   6 |  747.5 |
        Temple |      9 |      9 |      0 |      0 |      0 |   1 |    9.0 |
         Sewer |   1021 |   1021 |      0 |    257 |    476 |   1 | 1021.0 |
               +--------+--------+--------+--------+--------+-----+--------+

Top non-repeatable levels by time:
   Sewer: 1021 daAuts
     D:6: 948 daAuts
     D:5: 921 daAuts
     D:4: 909 daAuts
     D:3: 640 daAuts
     D:1: 607 daAuts
     D:2: 457 daAuts
  Temple: 9 daAuts
